 Dungeon Crawl Stone Soup version 0.18.1-1-g2f07953 (webtiles) character file.

366 Fuzzwah the Chopper (level 6, -3/56 HPs)
             Began as a Minotaur Berserker on May 22, 2016.
             Was a Priest of Trog.
             Killed by nerve-wracking pain
             ... invoked by Grinder
              (13 damage)
             ... on level 4 of the Dungeon.
             The game lasted 00:08:24 (2487 turns).

Fuzzwah the Chopper (Minotaur Berserker)            Turns: 2487, Time: 00:08:25

Health: -3/56      AC:  9    Str: 20 (21) XL:     6   Next: 40%
Magic:  5/5        EV: 12    Int:  1 (4)  God:    Trog [***...]
Gold:   132        SH:  0    Dex: 10 (12) Spells: 0 memorised, 5 levels left

rFire  . . .     SeeInvis .     a - +1 hand axe
rCold  . . .     Gourm    .     f - +0 ring mail
rNeg   . . .     Faith    .     (no shield)
rPois  .         Spirit   .     r - +2 hat
rElec  .         Dismiss  .     (no cloak)
rCorr  .         Reflect  .     (no gloves)
SustAt .         Harm     .     g - +0 pair of boots
MR     .....                    (no amulet)
Stlth  ..........               (no ring)
                                (no ring)

@: not resistant to hostile enchantments, extremely unstealthy
A: retaliatory headbutt, horns 2
a: Berserk, Trog's Hand, Burn Spellbooks, Renounce Religion


You were on level 4 of the Dungeon.
You worshipped Trog.
Trog was most pleased with you.
You were very hungry.

You visited 1 branch of the dungeon, and saw 4 of its levels.

You collected 132 gold pieces.

Inventory:

Hand Weapons
 a - a +1 hand axe (weapon)
Armour
 b - a +0 animal skin
 f - a +0 ring mail (worn)
 g - a +0 pair of boots (worn)
 r - a +2 hat (worn)
Scrolls
 d - a scroll of recharging
 j - a scroll of fear
 n - a scroll of magic mapping {unknown}
 o - a scroll of random uselessness {unknown}
 q - 2 scrolls of teleportation {unknown}
 s - a scroll of amnesia {unknown}
 t - a scroll of enchant weapon
 w - a scroll of blinking {unknown}
 y - a scroll of enchant armour {unknown}
Potions
 e - a potion of flight {unknown}
 i - 2 potions of ambrosia {unknown}
 l - 2 potions of degeneration
 m - 2 potions of curing
 u - 3 potions of heal wounds {unknown}
 v - a potion of cure mutation {unknown}
 x - a potion of beneficial mutation {unknown}
Books
 z - a book of Necromancy

   Spells                             Type                      Level
   a - Pain                           Necromancy                   1
   b - Animate Skeleton               Necromancy                   1
   c - Vampiric Draining              Necromancy                   3
   d - Regeneration                   Charms/Necromancy            3
   e - Animate Dead                   Necromancy                   4
   f - Control Undead                 Necromancy                   4
   Trog disapproves of the use of such an item.
Comestibles
 c - a bread ration
 k - 2 beef jerkies
 p - 2 slices of pizza


   Skills:
 + Level 5.4 Fighting
 * Level 6.3 Axes
 + Level 4.0 Armour
 + Level 3.3 Dodging


You had 5 spell levels left.
You didn't know any spells.

Dungeon Overview and Level Annotations

Branches:
Dungeon (4/15)
 Temple: D:4-7

Altars:
Okawaru
Pakellas
Qazlal
Yredelemnul
Zin
The Shining One

Annotations:
D:4 Grinder


Innate Abilities, Weirdness & Mutations

You reflexively headbutt those who attack you in melee.
You have a pair of horns on your head.


Message History

Grinder is lightly wounded.
Grinder says, "Tell me all your secrets, or I'll kill you."
Grinder hits you but does no damage.
You slash Grinder!
Grinder is moderately wounded.
Grinder hits you.
* * * LOW HITPOINT WARNING * * *
You writhe in agony.
* * * LOW HITPOINT WARNING * * *
You slash Grinder!
Grinder is heavily wounded.
Grinder barely misses you.
You barely miss Grinder.
Grinder is heavily wounded.
Grinder closely misses you.
You hit Grinder but do no damage. Your headbutt misses Grinder.
Grinder is heavily wounded.
Grinder gestures at you. Pain shoots through your body!
You die...

.<....#.#
#.....#.#
##....#.#####...
##.............
#.....#####...
#.####........
##+# #.######.
##...# #5#
#.....##@#
.......#.#
.........#
........?.......
.........###....
.......#.. ..
#.....#####
##...# ##+#


You could see Grinder.

Vanquished Creatures
  An ice beast (D:3)
  An orc wizard (D:4)
  3 worker ants (D:4)
  An iguana (D:4)
  A hound skeleton (D:4)
  A howler monkey skeleton (D:4)
  6 adders
  An ooze (D:3)
  3 adder skeletons (D:4)
  3 worms
  3 giant geckos
  3 orcs
  2 bats (D:2)
  5 giant cockroaches
  3 hobgoblins
  7 kobolds
  3 quokkas
  A ball python (D:3)
  8 giant newts
  4 goblins
  8 rats
68 creatures vanquished.

Notes
Turn   | Place    | Note
--------------------------------------------------------------
     0 | D:1      | Fuzzwah the Minotaur Berserker began the quest for the Orb.
     0 | D:1      | Reached XP level 1. HP: 19/19 MP: 0/0
   119 | D:1      | Reached XP level 2. HP: 24/27 MP: 1/1
   268 | D:1      | Reached skill level 4 in Axes
   691 | D:2      | Reached ** piety under Trog
   714 | D:2      | Reached XP level 3. HP: 34/34 MP: 2/2
   814 | D:2      | Found an oddly glowing altar of Pakellas.
  1363 | D:3      | Found a basalt altar of Yredelemnul.
  1363 | D:3      | Noticed an ice beast
  1375 | D:3      | Killed an ice beast
  1375 | D:3      | Reached skill level 5 in Fighting
  1375 | D:3      | Reached skill level 5 in Axes
  1375 | D:3      | Reached XP level 4. HP: 42/42 MP: 3/3
  1463 | D:3      | Found a stormy altar of Qazlal.
  1464 | D:3      | Noticed an air elemental
  1465 | D:3      | Noticed an earth elemental
  1470 | D:3      | Reached XP level 5. HP: 48/48 MP: 4/4
  1471 | D:3      | Noticed a water elemental
  1474 | D:3      | Noticed a fire elemental
  1552 | D:3      | Found an iron altar of Okawaru.
  1918 | D:3      | Found a glowing silver altar of Zin.
  2038 | D:4      | Reached skill level 6 in Axes
  2047 | D:4      | Reached XP level 6. HP: 30/56 MP: 5/5
  2049 | D:4      | Reached *** piety under Trog
  2165 | D:4      | Found a glowing golden altar of the Shining One.
  2462 | D:4      | Noticed Grinder
  2468 | D:4      | Paralysed by Grinder for 4 turns
  2487 | D:4      | Killed from afar by Grinder

Skill      XL: |  1  2  3  4  5  6 |
---------------+-------------------+-----
Axes           | 4 5 6 |  6.3
Fighting       | 4 5 |  5.4
Armour         | 3 4 |  4.0
Dodging        | 3 |  3.3

Action                   |  1- 3 |  4- 6 || total
-------------------------+-------+-------++-------
Melee: Hand axe          |    66 |   120 ||   186
       Headbutt          |     5 |    22 ||    27
  Use: Scroll            |       |     4 ||     4
       Potion            |       |     2 ||     2
  Eat: Chunk             |       |     4 ||     4
Armor: Animal skin       |     3 |       ||     3
       Ring mail         |    16 |    70 ||    86
Dodge: Dodged            |    31 |    55 ||    86
